 Dungeon Crawl Stone Soup version 0.30.2 (webtiles) character file.

Game seed: 8494155630372779270

42335 Ashen the Destroyer (level 14, -1/140 HPs)
             Began as an Ogre Ice Elementalist on Jan 25, 2024.
             Was a Priest of Vehumet.
             Slain by an elephant (3 damage)
             ... on level 4 of the Lair of Beasts.
             The game lasted 00:48:53 (18350 turns).

Ashen the Destroyer (Ogre Ice Elementalist)        Turns: 18350, Time: 00:48:54

Health: -1/140     AC:  6    Str: 15    XL:     14   Next: 19%
Magic:  2/29       EV: 11    Int: 26    God:    Vehumet [***...]
Gold:   927        SH:  0    Dex:  9    Spells: 15/36 levels left

rFire   . . .        D - +1 whip (elec)
rCold   . . .        (no shield)
rNeg    . . .        J - +0 steam dragon scales
rPois   .            (helmet restricted)
rElec   .            H - scarf {repulsion}
rCorr   .            (gloves unavailable)
SInv    .            (boots unavailable)
Will    ++...        F - amulet of the acrobat
Stlth   ++           x - +6 ring of intelligence
HPRegen 0.43/turn    E - ring of willpower
MPRegen 0.21/turn

%: repel missiles, acrobat
@: about to teleport
A: large, unfitting armour, tough skin 1
a: Renounce Religion


You were on level 4 of the Lair of Beasts.
You worshipped Vehumet.
Vehumet was most pleased with you.
You visited 3 branches of the dungeon, and saw 18 of its levels.
You also visited: Sewer.

You collected 927 gold pieces.

Inventory:

Hand Weapons
 j - a +1 short sword of distortion
 B - a +1 vampiric whip
 C - a +1 dagger of venom
 D - a +1 whip of electrocution (weapon)
 L - a +0 giant spiked club
 M - a +0 giant spiked club
Missiles
 O - a throwing net
Armour
 c - a +2 robe of positive energy
 H - a scarf of repulsion (worn)
 J - +0 steam dragon scales (worn)
Magical Staves
 g - a staff of poison
Jewellery
 x - a +6 ring of intelligence (left hand)
 E - a ring of willpower (right hand)
 F - an amulet of the acrobat (around neck)
 K - a ring of flight
 S - a +5 ring of evasion
 W - an amulet of regeneration
Wands
 e - a wand of polymorph (13)
 r - a wand of iceblast (7)
 y - a wand of charming (8)
 G - a wand of acid (26)
 P - a wand of flame (39)
 Q - a wand of mindburst (2)
 V - a wand of digging (14)
Scrolls
 d - 6 scrolls of immolation {unknown}
 k - 3 scrolls of teleportation
 n - 3 scrolls of magic mapping
 o - 2 scrolls of enchant armour
 p - 3 scrolls of fear {unknown}
 q - a scroll of summoning {unknown}
 s - a scroll of noise {unknown}
 u - 2 scrolls of enchant weapon {unknown}
 v - 2 scrolls of silence {unknown}
 w - 6 scrolls of vulnerability {unknown}
 A - 2 scrolls of poison {unknown}
 N - 3 scrolls of fog {unknown}
 T - 6 scrolls of blinking {unknown}
 X - 3 scrolls of identify
 Y - a scroll of torment {unknown}
Potions
 a - 3 potions of haste
 b - 2 potions of magic
 f - 4 potions of curing
 h - 3 potions of ambrosia
 i - 3 potions of brilliance
 l - 5 potions of cancellation
 m - 5 potions of heal wounds
 t - 2 potions of mutation
 z - 3 potions of lignification
 I - a potion of resistance
 R - a potion of flight
 U - 2 potions of berserk rage


   Skills:
 + Level 9.5 Fighting
 + Level 6.5 Maces & Flails
 + Level 7.0 Dodging
 - Level 3.0 Stealth
 * Level 11.6 Spellcasting
 * Level 11.7 Conjurations
 * Level 10.3 Ice Magic


You had 15 spell levels left.
You knew the following spells:

 Your Spells              Type           Power      Damage    Failure   Level
a - Freeze                Ice            100%       1d10      1%          1
b - Frozen Ramparts       Ice            100%       1d16      1%          3
c - Ozocubu's Armour      Ice            62%        N/A       1%          3
d - Summon Ice Beast      Ice/Summ       42%        N/A       4%          4
e - Swiftness             Air            15%        N/A       12%         3
f - Orb of Destruction    Conj           33%        9d10      7%          7

Your spell library contained the following spells:

 Spells                   Type           Power      Damage    Failure   Level
 Mephitic Cloud           Conj/Pois/Air  35%        N/A       1%          3
 Ensorcelled Hibernation  Hex/Ice        84%        N/A       1%          2
 Static Discharge         Conj/Air       90%        2-6/arc   1%          2
 Dazzling Flash           Conj/Hex       90%        N/A       1%          3
 Iskenderun's Battlesphe  Conj           66%        2d12      1%          5
 Fireball                 Conj/Fire      22%        3d10      2%          5
 Passwall                 Tmut/Erth      12%        N/A       6%          2
 Airstrike                Air            7%         2d(2-18)  11%         4
 Conjure Ball Lightning   Conj/Air       22%        3x3d6     14%         6
 Summon Lightning Spire   Summ/Air       15%        N/A       36%         4
 Agony                    Necr           15%        N/A       73%         5
 Silence                  Hex/Air        7%         N/A       73%         5


Dungeon Overview and Level Annotations

Branches:
Dungeon (13/15)            Temple (1/1) D:7            Lair (4/5) D:9
  Swamp (0/4) Lair:3       Spider (0/4) Lair:2        Sewer (visited)
  Slime: Lair:4-5       Orc: D:9-12      Vaults: D:13-14

Altars:
Ashenzari
Cheibriados
Dithmenos
Elyvilon
Fedhas
Gozag
Hepliaklqana
Kikubaaqudgha
Makhleb
Nemelex Xobeh
Okawaru
Qazlal
Ru
Sif Muna
Trog
Uskayaw
Vehumet
Wu Jian
Xom
Yredelemnul
Zin
The Shining One
Jiyva

Shops:
D:11 *

Annotations:
D:8 1 exclusion


Innate Abilities, Weirdness & Mutations

You are too large for most types of armour.
You have tough skin. (AC +1)


Message History

The water moccasin is severely wounded.
The water moccasin bites you but does no damage.
The elephant tramples you!
You hold your ground!
The elephant trunk-slaps you.
You hit the water moccasin.
The water moccasin is almost dead.
The water moccasin barely misses you. The elephant tramples you!
You hold your ground!
The elephant trunk-slaps you but does no damage.
You miss the water moccasin.
The water moccasin is almost dead.
The water moccasin completely misses you.
You miss the water moccasin.
The water moccasin is almost dead.
The elephant barely misses you. The elephant trunk-slaps you.
You closely miss the water moccasin.
The water moccasin is almost dead.
The water moccasin barely misses you. The elephant tramples you!
You hold your ground!
The elephant trunk-slaps you but does no damage.
You hit the water moccasin.
You kill the water moccasin!
Vehumet accepts your kill.
The elephant tramples you but does no damage.
The elephant trunk-slaps you but does no damage.
The elephant attacks as you move away! The elephant tramples you!
The elephant trunk-slaps you.
You see here a water moccasin corpse.
The elephant attacks as you move away! The elephant tramples you!
* * * LOW HITPOINT WARNING * * *
The elephant misses you. The elephant attacks as you move away!
The elephant tramples you!
* * * LOW HITPOINT WARNING * * *
The elephant closely misses you.
A death yak comes into view.
The death yak moves out of view.
As you read the scroll of teleportation, it crumbles to dust.
You feel strangely unstable. The elephant tramples you!
* * * LOW HITPOINT WARNING * * *
You hold your ground!
The elephant trunk-slaps you.
You die...

.................................
#.###.##P...P#....#.##...#.#.#+#.
# ######..###...####..###..8.##
#...###..###P..###.....#
##....##..P###...#.......
#.....#...###..#.........
#....#.#...#####....Y....
##..###...## #...Y#....##
##...###@.####...###.8.##
.........Y.(#...####...##
.........(Y.#.Y..##.....#
_..##.[.#.W#<.8###..<..# ..
##..###Y...###.....#
#..#####...##.....# ##...#
##...##..8.##
##...####.#........##
#.####.#....#.#.#.........


You could see 3 elephants and a wraith.

Vanquished Creatures
  Rupert (Lair:3)
  Josephine (Lair:4)
  A catoblepas (Lair:1)
  2 hydras
  A ghost crab (Lair:3)
  A two-headed ogre (D:7)
  2 death yaks (Lair:4)
  Sonja (Lair:3)
  A skyshark (Lair:3)
  A spectral hydra (Lair:3)
  Pikel (D:4)
  2 black mambas
  7 elephants
  5 cane toads
  5 komodo dragons
  3 rime drakes
  3 polar bears
  A hornet (D:9)
  2 trolls
  2 spectral dream sheep (Lair:3)
  3 blink frogs (Lair:3)
  7 dream sheep (Lair:4)
  19 yaks
  4 wraiths (Lair:4)
  4 wyverns
  A shadow (D:10)
  2 redbacks (Lair:2)
  3 basilisks
  2 steam dragons
  9 water moccasins
  An acid dragon (D:9)
  2 orc warriors
  2 ogres
  3 black bears
  6 wolves (Lair:1)
  2 phantoms (D:5)
  2 lemures (D:4)
  2 centaurs
  5 kobold brigands
  4 bullfrogs
  2 scorpions
  6 killer bees (D:8)
  7 howler monkeys
  2 hounds (D:5)
  2 orc priests
  2 gnoll boudas
  A jelly (D:4)
  An iguana (D:5)
  11 orc wizards
  19 hell rats
  8 gnolls
  2 river rats (Sewer)
  13 adders
  A shadow imp (D:5)
  A worm (D:4)
  A dart slug (D:3)
  23 orcs
  A bat (D:3)
  6 endoplasms
  6 giant cockroaches
  8 goblins
  15 hobgoblins
  11 jackals
  3 quokkas
  5 ball pythons
  4 frilled lizards
  28 kobolds
  6 rats
321 creatures vanquished.

Vanquished Creatures (collateral kills)
  A cyclops (D:12)
1 creature vanquished.

Grand Total: 322 creatures vanquished

Notes
Turn   | Place    | Note
-------+----------+-------------------------------------------
     0 | D:1      | Ashen the Ogre Ice Elementalist began the quest for the
                  | Orb.
     0 | D:1      | Reached XP level 1. HP: 16/16 MP: 3/3
   307 | D:1      | Reached XP level 2. HP: 23/24 MP: 2/5
   952 | D:1      | Reached skill level 1 in Conjurations
   952 | D:1      | Reached XP level 3. HP: 12/32 MP: 0/7
  1562 | D:2      | Reached skill level 1 in Fighting
  1571 | D:2      | Reached XP level 4. HP: 37/41 MP: 1/8
  1748 | D:2      | Learned a level 3 spell: Frozen Ramparts
  1752 | D:2      | Learned a level 3 spell: Ozocubu's Armour
  2370 | D:3      | Reached XP level 5. HP: 42/48 MP: 1/10
  2375 | D:3      | Reached skill level 1 in Maces & Flails
  2557 | D:3      | Found a glowing drain.
  2568 | Sewer    | Entered a sewer
  2946 | Sewer    | Noticed a kobold brigand
  2953 | Sewer    | Learned a level 4 spell: Summon Ice Beast
  2966 | Sewer    | Killed a kobold brigand
  2967 | Sewer    | Reached XP level 6. HP: 49/57 MP: 0/11
  3402 | D:3      | Found a faded altar of an unknown god.
  3434 | D:3      | Found a shadowy altar of Dithmenos.
  3907 | D:3      | Reached XP level 7. HP: 23/66 MP: 1/13
  4659 | D:4      | Noticed Pikel
  4680 | D:4      | Killed Pikel
  4681 | D:4      | Reached skill level 5 in Spellcasting
  4681 | D:4      | Reached skill level 5 in Ice Magic
  4681 | D:4      | Reached XP level 8. HP: 13/75 MP: 1/15
  5393 | D:5      | Entered Level 5 of the Dungeon
  6019 | D:5      | Found a blossoming altar of Fedhas.
  6363 | D:6      | Reached XP level 9. HP: 52/84 MP: 10/18
  6769 | D:6      | Found a hazy altar of Hepliaklqana.
  7096 | D:6      | Found a stormy altar of Qazlal.
  7105 | D:6      | Found a white marble altar of Elyvilon.
  7405 | D:7      | Noticed a two-headed ogre
  7420 | D:7      | Killed a two-headed ogre
  7421 | D:7      | Reached skill level 5 in Fighting
  7421 | D:7      | Reached skill level 5 in Conjurations
  7865 | D:7      | Found a staircase to the Ecumenical Temple.
  7879 | Temple   | Entered the Ecumenical Temple
  7891 | Temple   | Became a worshipper of Vehumet
  8519 | D:8      | Reached XP level 10. HP: 92/96 MP: 15/21
  9402 | D:9      | You fall into a shaft and drop 3 floors!
  9439 | D:12     | Noticed a cyclops
  9442 | D:12     | Noticed a two-headed ogre
  9464 | D:13     | Noticed a two-headed ogre
  9466 | D:12     | Noticed a cyclops
  9478 | D:12     | Killed a cyclops
  9702 | D:11     | Found Funol's Assorted Antiques.
  9758 | D:11     | Reached * piety under Vehumet
  9758 | D:11     | Offered knowledge of Foxfire by Vehumet.
  9798 | D:10     | Entered Level 10 of the Dungeon
  9877 | D:10     | Reached skill level 5 in Dodging
 10199 | D:9      | Reached XP level 11. HP: 101/107 MP: 18/23
 10286 | D:9      | Paralysed by a hornet for 2 turns
 10605 | D:9      | Found a staircase to the Lair.
 11057 | D:9      | Learned a level 3 spell: Swiftness
 11058 | Lair:1   | Entered Level 1 of the Lair of Beasts
 11746 | Lair:1   | Reached skill level 5 in Maces & Flails
 12081 | Lair:1   | Reached ** piety under Vehumet
 12081 | Lair:1   | Offered knowledge of Searing Ray by Vehumet.
 12651 | Lair:1   | Noticed a catoblepas
 12722 | Lair:1   | Killed a catoblepas
 12723 | Lair:1   | Reached skill level 10 in Spellcasting
 13241 | Lair:2   | Reached XP level 12. HP: 89/118 MP: 26/26
 13467 | Lair:2   | Found a hole to the Spider Nest.
 13700 | Lair:2   | Noticed a six-headed hydra
 13713 | Lair:2   | Killed a six-headed hydra
 14782 | Lair:3   | Offered knowledge of Scorch by Vehumet.
 15178 | Lair:3   | Noticed a four-headed hydra
 15202 | Lair:3   | Killed a four-headed hydra
 15202 | Lair:3   | Reached *** piety under Vehumet
 15329 | Lair:3   | Noticed a skyshark
 15340 | Lair:3   | Killed a skyshark
 15522 | Lair:3   | Noticed Rupert
 16057 | Lair:4   | Offered knowledge of Mephitic Cloud by Vehumet.
 16480 | Lair:3   | Learned a level 7 spell: Orb of Destruction
 16480 | Lair:3   | Reached XP level 13. HP: 95/131 MP: 20/28
 16570 | Lair:4   | Noticed Sonja
 16598 | Lair:3   | Reached skill level 10 in Ice Magic
 16620 | Lair:3   | Killed Sonja
 16883 | Lair:3   | Found a staircase to the Swamp.
 17353 | Lair:3   | Killed Rupert
 17354 | Lair:3   | Reached XP level 14. HP: 125/140 MP: 2/29
 17845 | Lair:4   | Noticed Josephine
 17849 | Lair:4   | Killed Josephine
 18138 | Lair:4   | Found a viscous altar of Jiyva.
 18350 | Lair:4   | HP: 2/140 [elephant (14)]
 18350 | Lair:4   | Slain by an elephant

Illustrated notes

Levels and vault maps discovered:
D:1:      saegor_arrival_miasma, layout_loops_corners, minmay_pentomino_t2
D:2:      layout_rooms, st_stairs_6
D:3:      cheibrodos_thug_alley, layout_loops_ring, old_standard_altar,
          gup_sewer_entry_pipe, ebering_ecumenical_altar_mist
D:4:      layout_basic, serial_forest, infiniplex_forest_end_1,
          infiniplex_forest_clump_double, infiniplex_forest_clump_medium,
          infiniplex_forest_clump_double, infiniplex_forest_clump_long,
          infiniplex_forest_straight_2, uniq_pikel
D:5:      layout_cave_pools, fedhas_ov_isle_minmay
D:6:      layout_basic, lemuel_tele_altar, mainiacjoe_overflow_swirl
D:7:      layout_layer_cave, minmay_temple_entry_statues_fountains
D:8:      wander_river, layout_rooms, minmay_misc_feat_nine_boxes,
          due_unseen_surprise
D:9:      layout_basic, lair_entry_dummy
D:10:     layout_roguey, orc_0_dummy
D:11:     layout_irregular_city, serial_shops, nicolae_inconvenience_store
D:12:     layout_cross, gammafunk_ghost_berserking_beasts, serial_column_ruins,
          column_ruins_square_medium, column_ruins_hut, column_ruins_open_tiny,
          column_ruins_open_small, column_ruins_columns_straight,
          column_ruins_open_tiny, column_ruins_grid_3,
          minmay_fractal_squares_gapless_5
D:13:     layout_basic
Temple:   sentei_temple_godly_chess
Lair:1:   layout_gridlike
Lair:2:   layout_cave_pods, spider_nest_entry_webs, grunt_megastairs_2,
          infiniplex_staircase_pool_2
Lair:3:   layout_roguey, nicolae_swamp_entry_spooky, uniq_rupert
Lair:4:   layout_small_grid, slime_entry_1, grunt_megastairs_5, uniq_josephine,
          uniq_sonja

Skill      XL: |  1  2  3  4  5  6  7  8  9 10 11 12 13 14 |
---------------+-------------------------------------------+-----
Dodging        | 2 3 4 5 6 7 |  7.0
Conjurations   | 1 2 3 4 5 6 8 11 | 11.7
Fighting       | 1 2 3 4 5 6 8 9 |  9.5
Spellcasting   | 3 4 5 6 7 8 10 11 | 11.6
Ice Magic      | 4 5 6 7 9 10 | 10.3
Maces & Flails | 1 2 3 4 5 6 |  6.5
Stealth        | 2 3 |  3.0

Action                     |  1- 3 |  4- 6 |  7- 9 | 10-12 | 13-15 || total
---------------------------+-------+-------+-------+-------+-------++-------
  Melee: Unarmed           |     3 |       |       |       |       ||     3
         Whip              |     5 |    13 |    98 |   290 |    47 ||   453
         Punch             |     1 |     1 |     2 |     3 |       ||     7
         Staff             |       |    34 |       |       |       ||    34
         Dagger            |       |       |   106 |       |       ||   106
   Cast: Freeze            |    57 |    79 |    57 |   137 |     3 ||   333
         Frozen Ramparts   |       |     4 |    17 |    48 |       ||    69
         Ozocubu's Armour  |       |     3 |    18 |    46 |     2 ||    69
         Summon Ice Beast  |       |       |       |     4 |       ||     4
         Orb of Destructio |       |       |       |       |    37 ||    37
  Evoke: Wand              |       |     2 |     3 |    12 |     3 ||    20
    Use: Scroll            |       |       |    11 |     4 |     2 ||    17
         Potion            |       |       |       |     2 |       ||     2
   Stab: Sleeping          |     1 |     3 |     4 |     1 |       ||     9
 Armour: Robe              |     9 |    36 |    55 |       |       ||   100
         Steam dragon scal |       |       |    26 |   192 |    19 ||   237
  Dodge: Dodged            |    20 |    59 |    87 |   244 |    50 ||   460
         Repelled          |       |       |     1 |     4 |     4 ||     9
